 Dungeon Crawl Stone Soup version 0.30-a0-782-ge64f9170bb (webtiles) character file.

Game seed: 4090059430383889910

84 Leeroy the Slasher (level 4, 0/33 HPs)
             Began as a Merfolk Gladiator on Feb 22, 2023.
             Slain by a goblin
             ... wielding a +0 club
             ... led by Robin
              (4 damage)
             ... on level 3 of the Dungeon.
             The game lasted 00:02:06 (1939 turns).

Leeroy the Slasher (Merfolk Gladiator)              Turns: 1939, Time: 00:02:07

Health: 0/33       AC:  4    Str: 14    XL:     4   Next: 45%
Magic:  4/4        EV: 14    Int:  7    God:
Gold:   80         SH:  0    Dex: 23    Spells: 3/3 levels left

rFire   . . .      SeeInvis .    a - +0 long sword
rCold   . . .      Faith    .    (no shield)
rNeg    . . .      Spirit   .    b - +0 leather armour
rPois   .          Reflect  .    c - +0 helmet
rElec   .          Harm     .    (no cloak)
rCorr   .          Rampage  .    (no gloves)
Will    .....                    (no boots)
Stlth   ++                       (no amulet)
HPRegen 0.25/turn                j - +6 ring of dexterity
MPRegen 0.09/turn                (no ring)

@: no status effects
A: (nimble swimmer 2), mertail
a: no special abilities


You were on level 3 of the Dungeon.
You visited 1 branch of the dungeon, and saw 3 of its levels.

You collected 80 gold pieces.

Inventory:

Hand Weapons
 a - a +0 long sword (weapon)
Missiles
 d - 3 throwing nets (quivered)
 e - 5 javelins
 f - 2 poisoned darts
Armour
 b - a +0 leather armour (worn)
 c - a +0 helmet (worn)
 n - an orb of guile
Magical Staves
 m - a staff of air
Jewellery
 j - a +6 ring of dexterity (left hand)
Scrolls
 i - 3 scrolls of magic mapping {unknown}
 k - 4 scrolls of identify {unknown}
 o - a scroll of blinking {unknown}
 p - a scroll of noise {unknown}
 r - a scroll of enchant weapon {unknown}
Potions
 g - a potion of heal wounds {unknown}
 h - a potion of cancellation {unknown}
 l - a potion of mutation {unknown}
 q - a potion of resistance {unknown}
 s - a potion of might {unknown}


   Skills:
 - Level 2.1 Fighting
 + Level 6.2 Long Blades
 - Level 2.0 Throwing
 - Level 4.0 Dodging


You had 3 spell levels left.
You didn't know any spells.
Your spell library contained the following spells:

 Spells                   Type           Power      Damage    Failure   Level
 Call Canine Familiar     Summ           0%         N/A       87%         3
 Portal Projectile        Hex/Tloc       0%         N/A       87%         3
 Leda's Liquefaction      Hex/Erth       0%         N/A       99%         4


Dungeon Overview and Level Annotations

Branches:
Dungeon (3/15)

Altars:

Shops:
D:3 :

Annotations:
D:3 Robin


Innate Abilities, Weirdness & Mutations

((You are very nimble when in or above water. (Stealth+, EV+, Speed+++)))
Your lower body shifts to a powerful aquatic tail in water.


Message History

You hit the goblin.
The goblin is heavily wounded.
The goblin hits you but does no damage. The goblin barely misses you.
The goblin hits you with a +0 club.
You hit the goblin.
The goblin is severely wounded.
A hobgoblin comes into view.
The goblin completely misses you. x2
You completely miss the goblin.
The goblin is severely wounded.
The goblin barely misses you. x2; Robin throws the goblin at you!
The goblin closely misses you.
You barely miss the goblin.
The goblin is severely wounded.
The goblin hits you but does no damage. The goblin misses you.
Robin roars a battlecry!
The goblins go into a battle-frenzy!
The goblin closely misses you.
You slash the goblin!
You kill the goblin!
The goblin hits you with a +0 dagger. The goblin closely misses you.
The goblin hits you with a +0 club.
You closely miss the goblin. The goblin hits you but does no damage.
The goblin closely misses you. The goblin barely misses you. x2
You barely miss the goblin. The goblin closely misses you.
The goblin barely misses you. x2; The goblin misses you.
You slash the goblin!
You kill the goblin!
The goblin closely misses you. Robin throws the goblin at you!
The goblin barely misses you. The goblin hits you with a +0 club. x2
The goblin shoots a sling bullet.
The sling bullet closely misses you. The goblin hits you with a +0 club.
The goblin misses you. The goblin hits you with a +0 dagger.
* * * LOW HITPOINT WARNING * * *
The goblin barely misses you.
The goblin shoots a sling bullet.
The sling bullet hits you.
* * * LOW HITPOINT WARNING * * *
The goblin attacks as you move away! The goblin closely misses you.
The goblin attacks as you move away! The goblin hits you with a +0 club.
You die... # ### .. .. ... #. #.#g# .gg

#)####
#g.g.######
#.
#g@g.......
#.###...#####
##..........#
............#
............#
######...####
#...# #...#
##.##


You could see 2 hobgoblins and 5 goblins.

Vanquished Creatures
  3 adders (D:2)
  A worm (D:2)
  An orc (D:3)
  3 bats
  4 endoplasms
  8 hobgoblins
  5 kobolds
  A quokka (D:3)
  10 ball pythons
  2 frilled lizards
  8 goblins
  5 rats
51 creatures vanquished.

Vanquished Creatures (others)
  6 fungi (D:2)
6 creatures vanquished.

Grand Total: 57 creatures vanquished

Notes
Turn   | Place    | Note
-------+----------+-------------------------------------------
     0 | D:1      | Leeroy the Merfolk Gladiator began the quest for the Orb.
     0 | D:1      | Reached XP level 1. HP: 16/16 MP: 1/1
   157 | D:1      | Reached skill level 4 in Long Blades
   191 | D:1      | Reached XP level 2. HP: 13/22 MP: 2/2
   772 | D:1      | Reached skill level 5 in Long Blades
   772 | D:1      | Reached XP level 3. HP: 25/27 MP: 3/3
  1428 | D:2      | Reached XP level 4. HP: 33/33 MP: 4/4
  1438 | D:2      | Reached skill level 6 in Long Blades
  1799 | D:3      | Found Waohol's Book Shop.
  1928 | D:3      | Noticed Robin
  1939 | D:3      | Slain by a goblin

Illustrated notes

Levels and vault maps discovered:
D:1:      ebering_hopf_link, layout_basic, chequers_decorated_corner
D:2:      layout_basic, minmay_shallow_snake_nest
D:3:      layout_loops_ring, amcnicky_altar_gilded, serial_shops, shop,
          chequers_serial_rivers_micro_d, chequers_serial_rivers_micro_c,
          serial_bayou_ford_a, serial_park_tiny_2, uniq_robin

Skill      XL: |  1  2  3  4 |
---------------+-------------+-----
Long Blades    | 4 5 6 |  6.2
Fighting       | |  2.1
Throwing       | |  2.0
Dodging        | |  4.0

Action                     |  1- 3 |  4- 6 || total
---------------------------+-------+-------++-------
  Melee: Long sword        |   106 |    37 ||   143
         Punch             |     1 |     1 ||     2
   Stab: Sleeping          |     7 |     1 ||     8
 Armour: Leather armour    |    18 |    13 ||    31
  Dodge: Dodged            |    74 |    42 ||   116

Table legend: (Time is in decaauts)
 A = Elapsed time spent in this place.
 B = Non-inter-level travel time spent in this place.
 C = Inter-level travel time spent in this place.
 D = Time resting spent in this place.
 E = Time spent auto-exploring this place.
 F = Levels seen in this place.
 G = Mean time per level.
                   A        B        C        D        E       F      G
               +--------+--------+--------+--------+--------+-----+--------+
         Total |   1958 |   1890 |     68 |      0 |   1546 |   3 |  652.7 |
       Dungeon |   1958 |   1890 |     68 |      0 |   1546 |   3 |  652.7 |
               +--------+--------+--------+--------+--------+-----+--------+

Top non-repeatable levels by time:
     D:1: 1007 daAuts
     D:2: 810 daAuts
     D:3: 140 daAuts
